Map: Tourmaline LE

Players

max

  • Race: Protoss Protoss
  • League: Diamond
  • Spawn Location: 7:00

HoldTheDoor - Winner!

  • Race: Protoss Protoss
  • League: Diamond
  • Spawn Location: 1:00

VOD

Have the link to the VOD?

Description

Time

  • Played on: May 5, 2026, 12:35 p.m.
  • Length: 6:55
Show
View Real Time Build Order
Export as new Build Order

max Protoss 

Build Orders:  

Get SALT Encoding   

  12  0:01  Probe  
  13  0:13  Probe  
  14  0:19  Pylon  
  14  0:25  Probe  
  15  0:38  Forge  
  15  0:40  Probe  
  16  0:52  Probe  
  16  0:54  Pylon  
  17  1:05  Probe  
  17  1:08  Pylon  
  17  1:17  Probe  
  18  1:25  Photon Cannon  
  18  1:30  Probe  
  19  1:33  Pylon  
  19  1:42  Probe  
  20  1:53  Photon Cannon  
  20  1:54  Probe  
  21  1:55  Pylon  
  21  2:06  Probe  
  22  2:15  Gateway  
  22  2:18  Probe  
  23  2:30  Nexus  
  23  2:32  Probe  
  23  2:40  Assimilator  
  23  2:44  Probe  
  24  2:45  Assimilator  
  24  2:52  Pylon  
  24  2:56  Probe  
  25  3:05  Cybernetics Core  
  25  3:08  Probe  
  26  3:13  Zealot  
  28  3:20  Probe  
  29  3:30  Pylon  
  29  3:32  Probe  
  30  3:36  Gateway  
  30  3:41  Probe  
  30  3:43  Probe  
  32  3:49  Probe  
  32  3:51  Probe  
  32  3:52  Stalker  
  36  3:59  Probe x2  
  36  4:07  Pylon  
  36  4:09  Warp Gate  
  37  4:11  Probe x2  
  39  4:19  Stalker  
  39  4:21  Stalker  
  39  4:23  Probe x2  
  41  4:24  Stargate  
  43  4:35  Probe  
  46  4:40  Assimilator  
  46  4:41  Probe  
  46  4:42  Assimilator  
  47  4:47  Pylon  
  47  4:49  Probe  
  45  5:03  Stalker  
  45  5:04  Pylon  
  47  5:12  Probe x2  
  49  5:24  Probe  
  49  5:26  Probe  
  51  5:30  Stalker  
  49  5:38  Stalker  
  49  5:42  Phoenix  
  46  5:57  Stalker  
  39  6:23  Probe x2  
  36  6:31  Pylon  
  26  6:35  Probe x2  
Show
View Real Time Build Order
Export as new Build Order

HoldTheDoor Protoss - Winner!

Build Orders:  

Get SALT Encoding   

  12  0:00  Probe  
  13  0:12  Probe  
  14  0:17  Pylon  
  14  0:23  Probe  
  15  0:31  Probe  
  15  0:39  Probe  
  15  0:41  Forge  
  17  0:50  Pylon  
  17  1:15  Gateway  
  17  1:40  Probe  
  17  1:44  Pylon  
  18  1:54  Pylon  
  18  2:03  Photon Cannon  
  18  2:04  Zealot  
  20  2:13  Pylon  
  20  2:17  Cybernetics Core  
  20  2:25  Assimilator  
  20  2:39  Photon Cannon  
  20  2:42  Assimilator  
  20  3:01  Probe  
  23  3:16  Probe  
  22  3:26  Stargate  
  22  3:28  Probe  
  23  3:35  Warp Gate  
  23  3:54  Photon Cannon, Pylon  
  23  3:57  Shield Battery  
  23  4:00  Stalker  
  23  4:07  Void Ray  
  29  4:24  Gateway  
  29  4:34  Pylon  
  29  4:41  Void Ray  
  33  4:48  Probe  
  34  5:00  Probe  
  35  5:12  Probe  
  36  5:24  Stalker x2  
  38  5:57  Stalker x2  
  38  6:25  Stalker x2  
Tags
 
Matchup
PvP
Replay Pack
SC2Mai2026
Spawn Locations
Cross Positions
Add a new tag
Caveats
  • Supply blocks, unpowered buildings, or Contaminate may cause inaccurate times.
  • Supply counts are checked every 10 seconds.